 Dungeon Crawl Stone Soup version 0.17-a0-483-g810ce3f (webtiles) character file.

574 PolkaDot the Ruffian (level 7, -9/61 HPs)
             Began as a Purple Draconian Monk on Apr 7, 2015.
             Splashed by a jelly's acid (11 damage)
             ... on level 5 of the Dungeon.
             The game lasted 00:13:55 (4638 turns).

PolkaDot the Ruffian (Purple Draconian Monk)        Turns: 4638, Time: 00:13:55

Health: -9/61      AC: -7    Str: 14    XL:     7   Next: 12%
Magic:  7/7        EV: 14    Int: 12    God:
Gold:   213        SH:  0    Dex: 13    Spells: 0 memorised, 6 levels left

rFire  . . .     SeeInvis .       - Unarmed
rCold  . . .     Clarity  .     (armour unavailable)
rNeg   . . .     SustAb   .     (no shield)
rPois  .         Gourm    .     (helmet restricted)
rElec  .         Spirit   .     (no cloak)
rCorr  .         Warding  .     e - +0 pair of gloves
rMut   .         Rnd*Tele +     c - +0 pair of boots (curse)
MR     +....                    (no amulet)
Stlth  ++........               (no ring)
                                l - ring of teleportation (curse)

@: corroded equipment, somewhat resistant to hostile enchantments, unstealthy
A: breathe power, unfitting armour, cold-blooded, AC +6
a: Breathe Dispelling Energy, Evoke Teleportation


You were on level 5 of the Dungeon.
You were not hungry.

You visited 2 branches of the dungeon, and saw 6 of its levels.

You collected 213 gold pieces.

Inventory:

Armour
 c - a cursed +0 pair of boots (worn)
 e - a +0 pair of gloves (worn)
Jewellery
 l - a cursed ring of teleportation (left hand)
Scrolls
 n - a scroll of recharging
Books
 o - a book of Changes

   Spells                             Type                      Level
   a - Beastly Appendage              Transmutation                1
   b - Sticks to Snakes               Transmutation                2
   c - Spider Form                    Transmutation/Poison         3
   d - Ice Form                       Ice/Transmutation            4
   e - Blade Hands                    Transmutation                5
Comestibles
 a - a chunk of flesh
 b - 3 bread rations
 h - a fruit
 i - 2 meat rations
 m - a beef jerky


   Skills:
 + Level 5.4 Fighting
 + Level 4.2 Dodging
 - Level 1.7 Stealth
 * Level 6.7 Unarmed Combat


You had 6 spell levels left.
You didn't know any spells.

Dungeon Overview and Level Annotations

Branches:
Dungeon (5/15)             Temple (1/1) D:5

Altars:
Cheibriados
Dithmenos
Fedhas
Gozag
Kikubaaqudgha
Nemelex Xobeh
Okawaru
Ru
Sif Muna
Trog
Vehumet
Xom
Yredelemnul
Zin

Shops:
D:4 :

Annotations:
D:4 DEFE's ghost, experienced KoFi; Pikel; Sigmund


Innate Abilities, Weirdness & Mutations

You can breathe bolts of dispelling energy.
Your rich purple scales are hard (AC +6).
Your body does not fit into most forms of armour.
You are cold-blooded and may be slowed by cold attacks.


Message History

The jelly is moderately wounded.
The jelly hits you.
* * * LOW HITPOINT WARNING * * *
You are splashed with acid!
The acid burns!
* * * LOW HITPOINT WARNING * * *
You aren't carrying any potions.
The jelly jiggles.
You punch the jelly!
The jelly is severely wounded.
The jelly hits you.
* * * LOW HITPOINT WARNING * * *
You are splashed with acid!
The acid burns!
* * * LOW HITPOINT WARNING * * *
You hit the jelly but do no damage. The acid corrodes your equipment!
You tail-slap the jelly.
The jelly is almost dead.
The jelly hits you.
* * * LOW HITPOINT WARNING * * *
You are splashed with acid!
The acid burns!
You die...

*********#......###### #####.....
,.*#######.#.#.......###.##......
..+,......................,......
..**#......#.#.....#...#.#*.....,
[?###.##.#.#.#.......#.#.###..#*.
.......#.#.#.#................##.
.................................
#...#....#.#.#............((...##
.#.#..(..#....<.@#.#.###.##..(...
..>...(..#.#.##.J#.#.....####.#.#
.#.#.....#.......#...........(...
#...#..#รท#.#.....#..........#.(..
.......#(#(......#.##########..#.
...##..#)(.......................
...##..###..###.#.###########.#.#
........*#..#*#.#.#*,,,,#####.#.#
...................,,,,,........)


You could see a jelly.

Vanquished Creatures
  Menkaure (D:4)
  A slave (D:4)
  A centaur (D:5)
  A giant frog skeleton (D:4)
  An orc priest (D:3)
  A hound (D:3)
  A centaur skeleton (D:4)
  4 orc wizards
  2 worker ants (D:4)
  2 adders
  5 worms
  2 oozes (D:2)
  11 orcs
  6 hobgoblins
  5 kobolds
  A quokka (D:4)
  A ball python (D:4)
  8 bats
  2 giant cockroaches (D:3)
  2 giant geckos (D:2)
  6 giant newts
  6 goblins
  3 rats
73 creatures vanquished.

Notes
Turn   | Place    | Note
--------------------------------------------------------------
     0 | D:1      | PolkaDot, the Draconian Monk, began the quest for the Orb.
     0 | D:1      | Reached XP level 1. HP: 19/19 MP: 1/1
   536 | D:1      | Reached XP level 2. HP: 26/26 MP: 2/2
  1177 | D:2      | Reached XP level 3. HP: 19/31 MP: 3/3
  1442 | D:2      | Found a basalt altar of Yredelemnul.
  1594 | D:2      | Found a sparkling altar of Nemelex Xobeh.
  2158 | D:3      | Found a sparkling altar of Nemelex Xobeh.
  2386 | D:3      | Reached skill level 5 in Unarmed Combat
  2386 | D:3      | Reached XP level 4. HP: 27/40 MP: 4/4
  2512 | D:3      | Reached XP level 5. HP: 23/46 MP: 5/5
  3121 | D:4      | Noticed Menkaure
  3137 | D:4      | Killed Menkaure
  3137 | D:4      | Reached skill level 6 in Unarmed Combat
  3137 | D:4      | Reached XP level 6. HP: 31/55 MP: 6/6
  3270 | D:4      | Noticed Sigmund
  3482 | D:4      | Noticed a slave
  3482 | D:4      | Noticed a slave
  3483 | D:4      | Noticed Pikel
  3483 | D:4      | Noticed a slave
  3484 | D:4      | Noticed a slave
  3501 | D:4      | Killed a slave
  3774 | D:3      | Reached skill level 5 in Fighting
  3825 | D:4      | Noticed DEFE's ghost (experienced KoFi)
  4234 | D:4      | Found Tiyhog's Book Shop.
  4315 | D:4      | Noticed a phantom
  4338 | D:5      | Entered Level 5 of the Dungeon
  4422 | D:5      | Found a staircase to the Ecumenical Temple.
  4431 | Temple   | Entered the Ecumenical Temple
  4604 | D:5      | Your scales start taking on a rich purple colour.
  4604 | D:5      | Reached XP level 7. HP: 17/61 MP: 7/7
  4638 | D:5      | HP: 2/61 [jelly (2)]
  4638 | D:5      | Splashed by a jelly's acid

Action                   |  1- 3 |  4- 6 |  7- 9 || total
-------------------------+-------+-------+-------++-------
Melee: Unarmed           |   138 |   208 |     4 ||   350
  Use: Potion            |     2 |     1 |       ||     3
       Scroll            |       |     7 |       ||     7
 Stab: Sleeping          |     3 |       |       ||     3
       Distracted        |       |     1 |       ||     1
  Eat: Chunk             |     5 |     2 |       ||     7
       Fruit             |       |     6 |       ||     6
